 Dungeon Crawl Stone Soup version 0.28-a0-384-g9e0c098162 (webtiles) character file.

Game seed: 961109566939585579

58 Demosthentine the Poker (level 4, -4/34 HPs)
             Began as a Merfolk Gladiator on Sept 2, 2021.
             Slain by a gnoll (6 damage)
             ... on level 1 of the Dungeon.
             The game lasted 00:01:15 (1282 turns).

Demosthentine the Poker (Merfolk Gladiator)         Turns: 1282, Time: 00:01:16

Health: -4/34      AC:  7    Str: 15    XL:     4   Next: 1%
Magic:  4/4        EV: 13    Int:  7    God:
Gold:   86         SH:  0    Dex: 15    Spells: 3/3 levels left

rFire   . . .      SeeInvis .   a - +0 trident
rCold   . . .      Faith    .   (no shield)
rNeg    . . .      Spirit   .   b - +0 leather armour
rPois   .          Reflect  .   f - +2 hat
rElec   .          Harm     .   c - +0 cloak
rCorr   .          Rampage  .   (no gloves)
Will    .....                   e - +0 pair of boots
Stlth   +.........              (no amulet)
HPRegen 0.11/turn               (no ring)
MPRegen 0.09/turn               (no ring)

@: no status effects
A: (nimble swimmer 2), mertail
a: no special abilities


You were on level 1 of the Dungeon.
You visited 1 branch of the dungeon, and saw 2 of its levels.

You collected 86 gold pieces.

Inventory:

Hand Weapons
 a - a +0 trident (weapon)
Missiles
 d - 3 throwing nets (quivered)
Armour
 b - a +0 leather armour (worn)
 c - a +0 cloak (worn)
 e - a +0 pair of boots (worn)
 f - a +2 hat (worn)
Potions
 h - a potion of might {unknown}


   Skills:
 + Level 2.9 Fighting
 + Level 5.1 Polearms
 - Level 2.0 Throwing
 + Level 1.0 Armour
 + Level 4.7 Dodging


You had 3 spell levels left.
You didn't know any spells.
Your spell library was empty.

Dungeon Overview and Level Annotations

Branches:
Dungeon (2/15)

Altars:


Innate Abilities, Weirdness & Mutations

((You are quick and stealthy near water. (Stealth+, EV+, Speed+++)))
Your lower body shifts to a powerful aquatic tail in water.


Message History

Aim: a gnoll, wielding a +0 flail (lightly wounded, about 36% to evade your +0 trident)
You hit the gnoll but do no damage.
The gnoll is lightly wounded.
The gnoll barely misses you.
You barely miss the gnoll.
The gnoll is lightly wounded.
The gnoll misses you.
You closely miss the gnoll.
The gnoll is lightly wounded.
The gnoll barely misses you.
You hit the gnoll.
The gnoll is moderately wounded.
The gnoll misses you.
You hit the gnoll.
The gnoll is almost dead.
The gnoll hits you with a +0 flail.
* * * LOW HITPOINT WARNING * * *
You puncture the gnoll!
You kill the gnoll!
The bat closely misses you.
It was a potion of curing.
You feel better. The bat barely misses you. The bat hits you.
Things that are here:
a +0 flail; a gnoll corpse You puncture the bat!
You kill the bat!
You have reached level 4!
There is a stone staircase leading up here.
You can't go down here!
The gnoll hits you with a +0 flail!
* * * LOW HITPOINT WARNING * * *
You climb upwards.
There is a stone staircase leading down here.
Unknown command.
You closely miss the gnoll. The gnoll hits you with a +0 flail.
* * * LOW HITPOINT WARNING * * *
You hit the gnoll.
The gnoll is moderately wounded.
The gnoll hits you with a +0 flail.
You die...

#†.......#.#............#.####...
..##.#.......#.........>#...##..#
####.#...........................
#.............................
##.............................
#.....................#........
#.#..................####...#..
#.#...........g.....#####......
#.............@......(....#....
###..#..............#######.#....
.....##............## #.#....
#...####...........## #.#....
########.........#..# #.#....
#......#......##.# #.#....
##.###.##......##.#######.#....
#......##......##..)...........
###.#######......###.............


You could see a gnoll.

Vanquished Creatures
  A gnoll (D:2)
  An adder (D:2)
  4 dart slugs
  3 endoplasms
  2 goblins (D:1)
  2 hobgoblins
  2 jackals (D:1)
  A quokka (D:2)
  6 ball pythons
  3 bats
  4 frilled lizards
  2 kobolds
  2 rats
33 creatures vanquished.

Notes
Turn   | Place    | Note
-------+----------+-------------------------------------------
     0 | D:1      | Demosthentine the Merfolk Gladiator began the quest for the
                  | Orb.
     0 | D:1      | Reached XP level 1. HP: 16/16 MP: 1/1
   148 | D:1      | Reached XP level 2. HP: 23/23 MP: 2/2
   690 | D:2      | Reached XP level 3. HP: 28/28 MP: 3/3
   815 | D:2      | Found a faded altar of an unknown god.
   825 | D:2      | Reached skill level 5 in Polearms
  1221 | D:2      | Reached skill level 1 in Armour
  1263 | D:2      | Reached XP level 4. HP: 14/34 MP: 4/4
  1282 | D:1      | Slain by a gnoll

Illustrated notes

Levels and vault maps discovered:
D:1:      dpeg_arrival_tiny_k, layout_rooms, chequers_serial_rivers_micro_c
D:2:      layout_basic, hellmonk_ecumenical_altar_slurped_away,
          uniq_crazy_yiuf_cottage

Skill      XL: |  1  2  3 |
---------------+----------+-----
Polearms       | 5 |  5.1
Armour         | 1 |  1.0
Fighting       | |  2.9
Throwing       | |  2.0
Dodging        | |  4.7

Action                   |  1- 3 |  4- 6 || total
-------------------------+-------+-------++-------
Melee: Trident           |    96 |     2 ||    98
  Use: Potion            |     1 |       ||     1
 Stab: Sleeping          |     1 |       ||     1
Armor: Leather armour    |    31 |       ||    31
Dodge: Dodged            |    54 |       ||    54

Table legend: (Time is in decaauts)
 A = Elapsed time spent in this place.
 B = Non-inter-level travel time spent in this place.
 C = Inter-level travel time spent in this place.
 D = Time resting spent in this place.
 E = Time spent auto-exploring this place.
 F = Levels seen in this place.
 G = Mean time per level.
                   A        B        C        D        E       F      G
               +--------+--------+--------+--------+--------+-----+--------+
         Total |   1287 |   1233 |     54 |      0 |    947 |   2 |  643.5 |
       Dungeon |   1287 |   1233 |     54 |      0 |    947 |   2 |  643.5 |
               +--------+--------+--------+--------+--------+-----+--------+

Top non-repeatable levels by time:
     D:1: 685 daAuts
     D:2: 601 daAuts
